 Dungeon Crawl Stone Soup version 0.29-a0-613-gf2c431b9b9 (webtiles) character file.

Game seed: 8169853942415557056

84 DocClef the Skirmisher (level 4, 0/44 HPs)
             Began as a Draconian Fighter on June 16, 2022.
             Slain by a gnoll
             ... wielding a +0 flail
              (6 damage)
             ... on level 2 of the Dungeon.
             The game lasted 00:01:23 (1509 turns).

DocClef the Skirmisher (Draconian Fighter)          Turns: 1509, Time: 00:01:23

Health: 0/44       AC:  5    Str: 20    XL:     4   Next: 24%
Magic:  4/4        EV: 12    Int:  8    God:
Gold:   140        SH:  4    Dex: 11    Spells: 3/3 levels left

rFire   . . .      SeeInvis .   a - +0 war axe
rCold   . . .      Faith    .   b - +0 buckler
rNeg    . . .      Spirit   .   (body armour unavailable)
rPois   .          Reflect  .   (helmet restricted)
rElec   .          Harm     .   (no cloak)
rCorr   .          Rampage  .   (no gloves)
Will    .....                   (no boots)
Stlth   +.........              (no amulet)
HPRegen 0.14/turn               (no ring)
MPRegen 0.09/turn               (no ring)

@: no status effects
A: AC +5, unfitting armour, cold-blooded
a: no special abilities


You were on level 2 of the Dungeon.
You visited 1 branch of the dungeon, and saw 2 of its levels.

You collected 140 gold pieces.

Inventory:

Hand Weapons
 a - a +0 war axe (weapon)
Armour
 b - a +0 buckler (worn)
Scrolls
 d - a scroll of teleportation {unknown}
 g - 2 scrolls of identify {unknown}
 j - a scroll of fear {unknown}
 k - a scroll of poison {unknown}
 l - a scroll of noise {unknown}
 m - a scroll of enchant armour {unknown}
Potions
 c - a potion of might
 e - a potion of ambrosia {unknown}
 f - a potion of resistance {unknown}
 h - a potion of flight {unknown}
 i - a potion of mutation {unknown}


   Skills:
 + Level 5.6 Fighting
 - Level 2.0 Axes
 - Level 2.6 Dodging
 - Level 3.0 Shields


You had 3 spell levels left.
You didn't know any spells.
Your spell library contained the following spells:

 Spells                   Type           Power      Damage    Failure   Level
 Summon Small Mammal      Summ           0%         N/A       50%         1
 Call Canine Familiar     Summ           0%         N/A       86%         3
 Summon Guardian Golem    Hex/Summ       0%         N/A       86%         3
 Summon Forest            Summ/Tloc      0%         N/A       100%        5
 Eringya's Noxious Bog    Tmut/Pois      0%         N/A       100%        6
 Summon Hydra             Summ           0%         N/A       100%        7


Dungeon Overview and Level Annotations

Branches:
Dungeon (2/15)

Altars:


Innate Abilities, Weirdness & Mutations

Your plain brown scales are hard. (AC +5)
You cannot fit into any form of body armour.
You are cold-blooded and may be slowed by cold attacks.


Message History

You hit the gnoll but do no damage.
The gnoll is moderately wounded.
You miss the adder. The gnoll hits you with a +0 flail. The adder bites you.
The gnoll barely misses you. x2; The adder barely misses you.
You completely miss the gnoll.
The gnoll is moderately wounded.
You slash the gnoll! You closely miss the adder.
The adder bites you but does no damage. The gnoll barely misses you.
The gnoll hits you from afar with a +0 spear.
You block the gnoll's attack. The adder closely misses you.
You barely miss the gnoll.
The gnoll is heavily wounded.
You hit the gnoll. You hit the adder but do no damage.
The gnoll hits you from afar with a +0 spear.
The gnoll hits you with a +0 whip. The gnoll hits you with a +0 flail.
The adder bites you but does no damage.
The gnoll hits you from afar with a +0 spear.
The gnoll closely misses you. x2; The gnoll hits you with a +0 flail.
You hit the gnoll.
The gnoll is severely wounded.
You barely miss the adder. You barely miss the gnoll.
The adder bites you but does no damage. x2; You block the gnoll's attack.
The gnoll barely misses you. The gnoll hits you but does no damage.
The gnoll closely misses you.
Unknown command.
You slash the gnoll!
You kill the gnoll!
You closely miss the gnoll. You miss the adder. You block the adder's attack.
The gnoll hits you from afar with a +2 vampiric spear.
The gnoll closely misses you. The gnoll hits you with a +0 flail!
The adder misses you. The gnoll hits you but does no damage.
The gnoll hits you from afar with a +0 spear.
* * * LOW HITPOINT WARNING * * *
The gnoll hits you from afar with a +2 vampiric spear.
* * * LOW HITPOINT WARNING * * *
You block the adder's attack.
The gnoll hits you with a +2 vampiric spear.
* * * LOW HITPOINT WARNING * * *
The gnoll barely misses you. The gnoll hits you with a +0 flail.
You die...

.##...##
#..#####.#
#.##...#
.##.###
#........# #
#...# .##.#
##..##..#.#
#.... .##.#
#.......#.#
##[.# ....#
......#.#.#
#..# .####
#.......#.#
.... ##
.#....[$!#
#### ####g.###
#@S#
#.....gg......
#.####.#######
#.# ... ...
.... .....


You could see 3 gnolls and an adder.

Vanquished Creatures
  Robin (D:2)
  A gnoll (D:2)
  An adder (D:2)
  A worm (D:2)
  A dart slug (D:1)
  3 ball pythons
  3 bats
  3 endoplasms (D:1)
  2 giant cockroaches
  9 goblins
  8 hobgoblins
  A quokka (D:1)
  3 frilled lizards
  5 kobolds (D:1)
  6 rats
48 creatures vanquished.

Notes
Turn   | Place    | Note
-------+----------+-------------------------------------------
     0 | D:1      | DocClef the Draconian Fighter began the quest for the Orb.
     0 | D:1      | Reached XP level 1. HP: 19/19 MP: 1/1
   113 | D:1      | Reached skill level 4 in Fighting
   113 | D:1      | Reached XP level 2. HP: 22/27 MP: 2/2
   224 | D:1      | Found a faded altar of an unknown god.
   810 | D:2      | Reached XP level 3. HP: 33/34 MP: 3/3
   810 | D:2      | Noticed Robin
   821 | D:2      | Killed Robin
   822 | D:2      | Reached skill level 5 in Fighting
  1291 | D:2      | Reached XP level 4. HP: 34/42 MP: 4/4
  1509 | D:2      | Slain by a gnoll

Illustrated notes

Levels and vault maps discovered:
D:1:      wander_arrival_peaceful_grave, layout_rooms, basic_ecumenical_altar,
          hex_large
D:2:      layout_loops_cross, corexii_item_surrounded_by_moat, uniq_robin

Skill      XL: |  1  2  3 |
---------------+----------+-----
Fighting       | 4 5 |  5.6
Axes           | |  2.0
Dodging        | |  2.6
Shields        | |  3.0

Action                   |  1- 3 |  4- 6 || total
-------------------------+-------+-------++-------
Melee: War axe           |    98 |    18 ||   116
       Tailslap          |     8 |       ||     8
 Stab: Sleeping          |     1 |     1 ||     2
Armor: Skin              |    39 |    11 ||    50
Dodge: Dodged            |    60 |    22 ||    82
Block: Buckler           |    25 |     7 ||    32

Table legend: (Time is in decaauts)
 A = Elapsed time spent in this place.
 B = Non-inter-level travel time spent in this place.
 C = Inter-level travel time spent in this place.
 D = Time resting spent in this place.
 E = Time spent auto-exploring this place.
 F = Levels seen in this place.
 G = Mean time per level.
                   A        B        C        D        E       F      G
               +--------+--------+--------+--------+--------+-----+--------+
         Total |   1567 |   1544 |     23 |    211 |    990 |   2 |  783.5 |
       Dungeon |   1567 |   1544 |     23 |    211 |    990 |   2 |  783.5 |
               +--------+--------+--------+--------+--------+-----+--------+

Top non-repeatable levels by time:
     D:1: 1006 daAuts
     D:2: 560 daAuts
